AoeStats
← gnitaek

QS Arena

503229709Analyzed
3v3 RM · 1mo ago on Aug 30, 2026· 14m 57s· 6 players
Game mode
Random Map
Map size
Normal (6 player)
Population
200
Speed
Normal
Resources
Standard
Victory
Conquest
Starting age
Dark Age
Ending age
Imperial Age
RankedLock teamsTeams togetherTeam positionsShared explorationLock speedFull tech treeHidden civsTurbo modeCheats
Victory
Defeat
🇳🇱 Bengalis · Netherlands
1323
+12
🇳🇱 Spanish · Netherlands
1284
+14
🇳🇱 Aztecs · Netherlands
1190
+18
🇮🇪 Koreans · Ireland
1281
-17
🇮🇪 Goths · Ireland
1233
-15
🇮🇪 Malians · Ireland
1192
-13
berserker-latko
8:05 Feudal Age
7:46 Loom
9:40 Double-Bit Axe
12:05 Castle Age
11:34 Horse Collar
gnitaek
9:23 Feudal Age
10:34 Double-Bit Axe
13:10 Castle Age
10:54 Horse Collar
12:13 Man-at-Arms
15:21 Loom
Runtime
8:17 Feudal Age
12:25 Castle Age
11:15 Double-Bit Axe
13:43 Gold Mining
15:16 Fletching
Piet Hoane
7:45 Feudal Age
11:51 Castle Age
9:53 Double-Bit Axe
10:57 Horse Collar
12:52 Bow Saw
Gerrit van Rivia
9:07 Feudal Age
12:38 Castle Age
11:14 Double-Bit Axe
Ir. Henk deJeager
8:38 Feudal Age
6:55 Loom
9:41 Double-Bit Axe
12:45 Castle Age
11:03 Horse Collar
13:57 Bow Saw
Connection lost

Rejoining the realm…

Still unreachable

The connection could not be restored.

Session expired

The server has moved on; the page needs a fresh start.